 Dungeon Crawl Stone Soup version 0.19.0-19-g8c6edcc (webtiles) character file.

88 Monsterracer the Firebug (level 4, 0/24 HPs)
             Began as a Deep Elf Fire Elementalist on Nov 12, 2016.
             Slain by a gnoll (7 damage)
             ... on level 2 of the Dungeon.
             The game lasted 00:09:19 (2263 turns).

Monsterracer the Firebug (DEFE)                     Turns: 2263, Time: 00:09:20

Health: 0/24       AC:  3    Str:  5    XL:     4   Next: 30%
Magic:  0/11       EV: 13    Int: 21    God:
Gold:   90         SH:  0    Dex: 15    Spells: 2 memorised, 6 levels left

rFire  . . .     SeeInvis .     j - +0 dagger (vamp)
rCold  . . .     Gourm    .     a - +0 robe
rNeg   . . .     Faith    .     (no shield)
rPois  .         Spirit   .     (no helmet)
rElec  .         Reflect  .     h - +0 cloak
rCorr  .         Harm     .     (no gloves)
MR     .....                    (no boots)
Stlth  ++........               (no amulet)
                                (no ring)
                                c - ring of flight

@: very slightly contaminated
A: screaming 1
a: Evoke Flight


You were on level 2 of the Dungeon.
You were not hungry.

You visited 1 branch of the dungeon, and saw 3 of its levels.

You collected 90 gold pieces.

Inventory:

Hand Weapons
 j - a +0 vampiric dagger (weapon)
Armour
 a - a +0 robe (worn)
 h - a +0 cloak (worn)
Jewellery
 c - a ring of flight (left hand)
Scrolls
 d - 6 scrolls of remove curse {unknown}
 e - 2 scrolls of magic mapping {unknown}
 f - a scroll of recharging {unknown}
 g - 2 scrolls of enchant armour {unknown}
 i - a scroll of fear {unknown}
Books
 b - a book of Flames

   Spells                             Type                      Level
   a - Flame Tongue                   Conjuration/Fire             1
   b - Throw Flame                    Conjuration/Fire             2
   c - Conjure Flame                  Conjuration/Fire             3
   d - Inner Flame                    Hexes/Fire                   3
   e - Sticky Flame                   Conjuration/Fire             4
   f - Fireball                       Conjuration/Fire             5
Comestibles
 l - a beef jerky
 m - a bread ration


   Skills:
 - Level 2.4 Dodging
 - Level 2.4 Stealth
 + Level 3.8 Spellcasting
 * Level 2.8 Conjurations
 * Level 4.5 Fire Magic


You had 6 spell levels left.
You knew the following spells:

 Your Spells              Type           Power        Failure   Level  Hunger
a - Flame Tongue          Conj/Fire      ###..        2%          1    None
b - Conjure Flame         Conj/Fire      ###.....     10%         3    ###....


Dungeon Overview and Level Annotations

Branches:
Dungeon (3/15)

Altars:
Cheibriados
Ru

Annotations:
D:3 Grinder


Innate Abilities, Weirdness & Mutations

You occasionally shout uncontrollably at your foes.


Message History

The goblin is heavily wounded.
Casting: Flame Tongue
Confirm with . or Enter, or press ? or * to list all spells.
Aiming: Flame Tongue
Press: ? - help, Shift-Dir - straight line, f/p - goblin
Aim: a goblin, wielding a club (heavily wounded)
The flame tongue hits the goblin.
You kill the goblin!
Casting: Flame Tongue
Confirm with . or Enter, or press ? or * to list all spells.
Aiming: Flame Tongue
Press: ? - help, Shift-Dir - straight line, f - gnoll
Aim: a gnoll You miscast Flame Tongue.
You hear a sizzling sound.
There is a stone staircase leading up here.
You hit the gnoll but do no damage. The gnoll hits you!
* * * LOW HITPOINT WARNING * * *
You feel better. The gnoll hits you!
You die...

...............#.................
..##..###...##.##########...#####
...........g))†.................(
.###..###.####.##########..#####.
.# #..###.####.# #..# #. .#
#..#........# #..#####. .#
#..#.#.###..# #........ .#
#..#.#.# #..###### #..#####. .#
#..#.#.# #..g@...# #........
.###..#.#.# ##.#.##.# ##.#####.
..........####.#.##.# #.# #.
.###.........#.#.##.######.#####.
.# #...........................#.
.# ##.#.###########.######.#####.
.# #.#.# #.............< .# #.#.#
########.#####. ## ##### ### ##


You could see a gnoll.

Vanquished Creatures
  A gnoll (D:2)
  3 adders (D:2)
  A worm (D:2)
  A dart slug (D:2)
  A leopard gecko (D:1)
  A ball python (D:2)
  6 bats
  A giant cockroach (D:1)
  5 goblins
  4 hobgoblins
  6 jackals (D:2)
  3 kobolds
  A quokka (D:2)
  6 frilled lizards
  5 rats
45 creatures vanquished.

Notes
Turn   | Place    | Note
-------+----------+-------------------------------------------
     0 | D:1      | Monsterracer the Deep Elf Fire Elementalist began the quest for the Orb.
     0 | D:1      | Reached XP level 1. HP: 10/10 MP: 6/6
    74 | D:1      | Gained mutation: You occasionally shout uncontrollably at your foes. [potion of mutation]
    74 | D:1      | Gained mutation: You are dopey. (Int -2) [potion of mutation]
    74 | D:1      | Lost mutation: You are dopey. (Int -2) [potion of mutation]
   509 | D:1      | Reached XP level 2. HP: 15/15 MP: 5/8
  1086 | D:2      | Found a snail-covered altar of Cheibriados.
  1163 | D:2      | Reached XP level 3. HP: 15/19 MP: 0/10
  1231 | D:2      | Learned a level 3 spell: Conjure Flame
  1391 | D:2      | Reached skill level 4 in Fire Magic
  2055 | D:2      | Found a sacrificial altar of Ru.
  2217 | D:3      | Noticed Grinder
  2220 | D:2      | Reached XP level 4. HP: 20/24 MP: 9/11
  2262 | D:2      | HP: 1/24 [gnoll (9)]
  2263 | D:2      | Slain by a gnoll

Skill      XL: |  1  2  3 |
---------------+----------+-----
Conjurations   | 2 |  2.8
Fire Magic     | 4 |  4.5
Dodging        | |  2.4
Stealth        | |  2.4
Spellcasting   | |  3.8

Action                   |  1- 3 |  4- 6 || total
-------------------------+-------+-------++-------
Melee: Unarmed           |    11 |       ||    11
       Dagger            |    28 |     1 ||    29
 Cast: Flame Tongue      |    62 |     7 ||    69
       Conjure Flame     |       |     1 ||     1
  Use: Potion            |     5 |     1 ||     6
 Stab: Sleeping          |     3 |       ||     3
  Eat: Bread ration      |     1 |       ||     1
       Beef jerky        |     1 |       ||     1
       Chunk             |     3 |       ||     3
Armor: Robe              |    21 |     1 ||    22
Dodge: Dodged            |    70 |     6 ||    76
